 Dungeon Crawl Stone Soup version 0.32-a0-560-g4c7f4391e0 (webtiles) character file.

Game seed: 15680432888340519109

3504 Videorelaxant888 the Grappler (level 9, -1/88 HPs)
             Began as a Troll Berserker on Feb 29, 2024.
             Was a Priest of Trog.
             Slain by Gastronok (5 damage)
             ... on level 8 of the Dungeon.
             The game lasted 00:19:02 (5896 turns).

Videorelaxant888 the Grappler (Troll Berserker)     Turns: 5896, Time: 00:19:03

Health: -1/88      AC:  4    Str: 31    XL:     9   Next: 80%
Magic:  8/8        EV: 11    Int:  9    God:    Trog [***...]
Gold:   443        SH:  0    Dex:  9    Spells: 8/8 levels left

rFire   . .          .
                       - Unarmed
rCold   . . .        (no shield)
rNeg    . . .        a - +0 animal skin
rPois   .            (helmet restricted)
rElec   .            (no cloak)
rCorr   .            (gloves unavailable)
SInv    .            (boots unavailable)
Will    .....        v - amulet of regeneration
Stlth   +            i - +6 ring of intelligence
HPRegen 1.94/turn    x - +4 ring of slaying
MPRegen 0.11/turn

%: no passive effects
@: on berserk cooldown, slowed, very slow
A: large, unfitting armour, claws 3, regeneration 1, shaggy fur 1, tough skin 1
a: Renounce Religion, Berserk, Trog's Hand


You were on level 8 of the Dungeon.
You worshipped Trog.
Trog was most pleased with you.
You visited 1 branch of the dungeon, and saw 8 of its levels.

You collected 443 gold pieces.

Inventory:

Hand Weapons
 H - a +0 morningstar of holy wrath
Missiles
 h - 22 poisoned darts (quivered)
Armour
 a - a +0 animal skin (worn)
 c - a +2 buckler
Jewellery
 i - a +6 ring of intelligence (left claw)
 l - a +4 ring of protection
 s - a ring of flight
 u - a ring of protection from fire
 v - an amulet of regeneration (around neck)
 x - a +4 ring of slaying (right claw)
Wands
 p - a wand of flame (57)
 q - a wand of polymorph (6)
 A - a wand of mindburst (11)
 E - a wand of roots (10)
Scrolls
 b - 2 scrolls of enchant weapon {unknown}
 e - 2 scrolls of revelation {unknown}
 f - 5 scrolls of teleportation {unknown}
 g - 3 scrolls of butterflies {unknown}
 k - a scroll of vulnerability {unknown}
 n - 3 scrolls of amnesia {unknown}
 o - 4 scrolls of identify {unknown}
 y - a scroll of silence {unknown}
 C - 2 scrolls of poison {unknown}
 G - a scroll of fog {unknown}
Potions
 d - a potion of heal wounds {unknown}
 j - 5 potions of attraction {unknown}
 m - 2 potions of enlightenment {unknown}
 r - a potion of brilliance {unknown}
 t - a potion of mutation {unknown}
 w - 2 potions of degeneration {unknown}
 z - a potion of haste {unknown}
 B - a potion of cancellation {unknown}
 D - a potion of lignification {unknown}
 F - a potion of curing {unknown}


   Skills:
 + Level 5.2 Fighting
 + Level 6.2 Dodging
 + Level 1.3 Stealth
 + Level 11.1 Unarmed Combat


You had 8 spell levels left.
You didn't know any spells.
Your spell library was empty.

Dungeon Overview and Level Annotations

Branches:
Dungeon (8/15) Zot: 26132  Temple (0/1) D:7
   Lair: D:8-11

Altars:
Okawaru
Ru
Wu Jian
Yredelemnul

Annotations:
D:3 3 runed translucent doors, Arkalis's ghost, amateur OpHu
D:5 3 runed translucent doors, DeathSocks's ghost, novice DsMo
D:8 Gastronok


Innate Abilities, Weirdness & Mutations

You are too large for most types of armour.
You have claws for hands.
Your natural rate of healing is unusually fast.
You are covered in fur. (AC +1)
You have tough skin. (AC +1)


Message History

You feel yourself slow down.
A red film seems to cover your vision as you go berserk!
You feel yourself moving faster!
You feel mighty!
You feel a strong urge to attack something.
You see here 17 gold pieces.
Gastronok completely misses you.
You claw Gastronok!
Gastronok is lightly wounded.
You are no longer berserk.
You are exhausted.
You feel as though you will be slow longer.
You scratch Gastronok.
Gastronok is lightly wounded.
Gastronok waves his eye-stalks in wide circles.
The air twists around and strikes you!!
You mangle Gastronok!!
Gastronok is moderately wounded.
You scratch Gastronok.
Gastronok is moderately wounded.
Gastronok bites you!!
You mangle Gastronok!! You claw Gastronok!!
Gastronok is heavily wounded.
Gastronok bites you!!
You claw Gastronok!
Gastronok is severely wounded.
You scratch Gastronok but do no damage.
Gastronok is severely wounded.
Gastronok wobbles crazily.
You claw Gastronok!
Gastronok is severely wounded.
You mangle Gastronok!!
Gastronok is almost dead.
Gastronok waves his eye-stalks in wide circles.
The air twists around and strikes you!!!
* * * LOW HITPOINT WARNING * * *
You claw Gastronok!
Gastronok is almost dead.
Gastronok bites you.
You die...
Gastronok gurgles, "About time.
I'm starving!"

..###.. #.....## . .
#.......#..## .
...........#. .
.....#....... .# .
##...##.........##.
###.w...#..... ...#..
#...@........ ......
##..$....#..###..#...
##.....###.....###..
#.###..#.......#..#
## #...............
#......#.....#....
#......##...##....
........#.....#....
#####...............


You could see Gastronok (swift).

Vanquished Creatures
  Pikel (D:6)
  A komodo dragon (D:6)
  Prince Ribbit (D:6)
  Grinder (D:6)
  Sigmund (D:4)
  Edmund (D:4)
  Duvessa (D:4)
  A water moccasin (D:8)
  An ice beast (D:6)
  A sky beast (D:6)
  A hornet zombie (D:6)
  An ogre (D:7)
  2 centaurs (D:7)
  2 lemures (D:6)
  Blork the orc (D:6)
  A kobold brigand (D:7)
  3 bullfrogs
  A gnoll sergeant (D:8)
  2 scorpions
  Dowan (D:4)
  A howler monkey (D:5)
  3 bombardier beetles
  A centaur zombie (D:6)
  2 hounds
  A jelly (D:5)
  5 orc priests
  2 iguanas
  3 orc wizards
  Robin (D:4)
  15 gnolls
  4 adders
  A shadow imp (D:4)
  2 white imps
  An ufetubus (D:7)
  3 ribbon worms
  19 orcs
  A bat (D:3)
  5 endoplasms
  15 goblins
  5 hobgoblins
  2 jackals (D:1)
  4 quokkas
  3 ball pythons
  2 frilled lizards
  13 kobolds
  2 rats
141 creatures vanquished.

Notes
Turn   | Place    | Note
-------+----------+-------------------------------------------
     0 | D:1      | Videorelaxant888 the Troll Berserker began the quest for
                  | the Orb.
     0 | D:1      | Reached XP level 1. HP: 22/22 MP: 0/0
   173 | D:1      | Reached XP level 2. HP: 29/29 MP: 1/1
   694 | D:1      | Found a faded altar of an unknown god.
   867 | D:2      | Reached ** piety under Trog
   902 | D:3      | Reached XP level 3. HP: 29/36 MP: 2/2
  1004 | D:3      | Reached skill level 4 in Unarmed Combat
  1009 | D:3      | Reached XP level 4. HP: 22/44 MP: 3/3
  1076 | D:3      | Found a runed translucent gate.
  1076 | D:3      | Found a runed translucent gate.
  1076 | D:3      | Found a runed translucent gate.
  1079 | D:3      | Noticed Arkalis's ghost (amateur OpHu)
  1504 | D:5      | Entered Level 5 of the Dungeon
  1504 | D:5      | Found a sacrificial altar of Ru.
  1506 | D:4      | Noticed Duvessa
  1508 | D:4      | Noticed Dowan
  1516 | D:4      | Killed Duvessa
  1517 | D:4      | Reached skill level 5 in Unarmed Combat
  1517 | D:4      | Reached XP level 5. HP: 53/53 MP: 4/4
  1521 | D:4      | Killed Dowan
  1522 | D:4      | Reached XP level 6. HP: 61/61 MP: 5/5
  1612 | D:4      | Noticed Edmund
  1628 | D:4      | Killed Edmund
  1629 | D:4      | Reached skill level 6 in Unarmed Combat
  2272 | D:4      | Noticed Sigmund
  2280 | D:4      | Killed Sigmund
  2281 | D:4      | Reached XP level 7. HP: 41/67 MP: 6/6
  2352 | D:4      | Reached skill level 7 in Unarmed Combat
  2443 | D:4      | Reached *** piety under Trog
  2496 | D:4      | Found an ornate altar of the Wu Jian Council.
  2496 | D:4      | Noticed Robin
  2508 | D:4      | Killed Robin
  2918 | D:5      | Noticed DeathSocks's ghost (novice DsMo)
  2948 | D:5      | Found a runed translucent gate.
  2948 | D:5      | Found a runed translucent gate.
  2949 | D:5      | Found a runed translucent gate.
  3039 | D:5      | Reached XP level 8. HP: 78/78 MP: 7/7
  3427 | D:6      | Noticed Blork the orc
  3434 | D:6      | Noticed a komodo dragon
  3435 | D:6      | Killed Blork the orc
  3440 | D:6      | Killed a komodo dragon
  3441 | D:6      | Reached skill level 8 in Unarmed Combat
  3647 | D:6      | Noticed Grinder
  3659 | D:6      | Paralysed by Grinder for 5 turns
  3672 | D:6      | Found an iron altar of Okawaru.
  3677 | D:6      | Killed Grinder
  3678 | D:6      | Reached skill level 5 in Dodging
  3757 | D:6      | Reached skill level 9 in Unarmed Combat
  3765 | D:6      | Found a basalt altar of Yredelemnul.
  4176 | D:6      | Reached XP level 9. HP: 85/85 MP: 8/8
  4222 | D:6      | Noticed Pikel
  4234 | D:6      | Killed Pikel
  4235 | D:6      | Reached skill level 1 in Stealth
  4235 | D:6      | Reached skill level 10 in Unarmed Combat
  4372 | D:6      | Noticed Prince Ribbit
  4380 | D:6      | Killed Prince Ribbit
  5357 | D:7      | Reached skill level 5 in Fighting
  5482 | D:7      | Reached skill level 11 in Unarmed Combat
  5549 | D:7      | Found a staircase to the Ecumenical Temple.
  5878 | D:8      | Noticed Gastronok
  5895 | D:8      | HP: 1/88 [Gastronok/the air (36)]
  5896 | D:8      | Slain by Gastronok

Illustrated notes

Levels and vault maps discovered:
D:1:      heliophobic_arrival_dark_side_of_the_moon, layout_basic, serial_glass,
          glass_columns_b, glass_columns_a,
          shapermc_ecumenical_altar_hornbeckon, chequers_serial_rivers_marsh
D:2:      layout_basic
D:3:      layout_rooms, gammafunk_ghost_split, chequers_mini_garden
D:4:      layout_gridville, nicolae_wu_jian_immortal_techniques,
          amethyst_killhole, minivault_14, uniq_robin, uniq_duvessa,
          uniq_sigmund, uniq_edmund
D:5:      layout_cave_pools, nicolae_ru_awakened_eye, gammafunk_ghost_split
D:6:      layout_loops_corners, lemuel_zombie_altar_yredelemnul,
          okawaru_gym_becter, nicolae_ossuary_entry_ruins, minivault_26,
          uniq_grinder, uniq_blork_the_orc, uniq_prince_ribbit1, uniq_pikel
D:7:      layout_gridville, lemuel_temple_firewalk_b,
          minmay_fractal_squares_gapless_5
D:8:      nicolae_cairo_tiling_large_dashed, layout_basic, lemuel_crystal_altar,
          serial_shops, shop_statue, minmay_misc_feat_tower, uniq_gastronok

Skill      XL: |  1  2  3  4  5  6  7  8  9 |
---------------+----------------------------+-----
Dodging        | 3 4 5 6 |  6.2
Unarmed Combat | 4 5 6 7 9 11 | 11.1
Fighting       | 3 4 5 |  5.2
Stealth        | 1 |  1.3

Action                     |  1- 3 |  4- 6 |  7- 9 || total
---------------------------+-------+-------+-------++-------
  Melee: Unarmed           |    69 |    80 |   211 ||   360
         Punch             |       |     3 |     9 ||    12
 Invoke: Berserk           |     2 |     5 |    14 ||    21
 Armour: Animal skin       |    72 |    58 |   226 ||   356
  Dodge: Dodged            |    68 |    33 |   125 ||   226

Table legend: (Time is in decaauts)
 A = Elapsed time spent in this place.
 B = Non-inter-level travel time spent in this place.
 C = Inter-level travel time spent in this place.
 D = Time resting spent in this place.
 E = Time spent auto-exploring this place.
 F = Levels seen in this place.
 G = Mean time per level.
                   A        B        C        D        E       F      G
               +--------+--------+--------+--------+--------+-----+--------+
         Total |   6051 |   5880 |    171 |    457 |   2707 |   8 |  756.4 |
       Dungeon |   6051 |   5880 |    171 |    457 |   2707 |   8 |  756.4 |
               +--------+--------+--------+--------+--------+-----+--------+

Top non-repeatable levels by time:
     D:4: 1360 daAuts
     D:6: 1316 daAuts
     D:7: 1111 daAuts
     D:1: 779 daAuts
     D:5: 634 daAuts
     D:3: 606 daAuts
     D:8: 144 daAuts
     D:2: 98 daAuts
